PAAA
BLOOMINGTON LONGNECKS @ PAWNEE PARKSNREC
06/26/2031
 
TOP OF THE 1ST
Bloomington Longnecks batting - Pitching for Pawnee ParksNRec : RHP Aydin Aragvsky
Pitching: RHP Aydin Aragvsky
Batting: RHB Silvio Bonauiti 0-0: Foul Ball, location: 2F
0-1: Ball
1-1: Ball
2-1: Ball
3-1: Foul Ball, location: 2F
3-2: Foul Ball, location: 2F
3-2: Foul Ball, location: 2F
3-2: Base on Balls
Batting: RHB Frank Crocker 0-0: Ball
1-0: DOUBLE (Line Drive, 78D)
Silvio Bonauiti to third
Batting: LHB John Schaefer 0-0: Ball
1-0: Foul Ball, location: 2F
1-1: Ball
2-1: Ball
3-1: Called Strike
3-2: Strikes out swinging
Batting: LHB César Gómes 0-0: Ball
1-0: Foul Ball, location: 2F
1-1: Foul Ball, location: 2F
1-2: Foul Ball, location: 2F
1-2: Strikes out looking
Batting: RHB Masafumi Ito 0-0: Foul Ball, location: 2F
0-1: Ground out 5-3 (Groundball, 56)
Top of the 1st over - 0 runs, 1 hit, 0 errors, 2 left on base; Bloomington 0 - Pawnee 0
BOTTOM OF THE 1ST
Pawnee ParksNRec batting - Pitching for Bloomington Longnecks : RHP Nassim El-Badwi
Pitching: RHP Nassim El-Badwi
Batting: LHB Ryan Marken 0-0: Foul Ball, location: 2F
0-1: Ball
1-1: Foul Ball, location: 2F
1-2: Foul Ball, location: 2F
1-2: Ball
2-2: Foul Ball, location: 2F
2-2: Ground out 4-3 (Groundball, 34D)
Batting: RHB Rubén Alvarado 0-0: Called Strike
0-1: Fly out, F8 (Flyball, 8RD)
Batting: LHB Yao-pang Chiang 0-0: Ball
1-0: Ball
2-0: Ball
3-0: Called Strike
3-1: Foul Ball, location: 2F
3-2: Base on Balls
Batting: RHB Gustavo González 0-0: Ball
1-0: Called Strike
1-1: Ball
2-1: Called Strike
2-2: Strikes out swinging
Bottom of the 1st over - 0 runs, 0 hits, 0 errors, 1 left on base; Bloomington 0 - Pawnee 0
TOP OF THE 2ND
Bloomington Longnecks batting - Pitching for Pawnee ParksNRec : RHP Aydin Aragvsky
Batting: RHB Chet Hollis 0-0: Ground out 6-3 (Groundball, 6D)
Batting: RHB Carlos Cardona 0-0: Called Strike
0-1: Ball
1-1: Fly out, F4 (Popup, 34S)
Batting: RHB Ty Struck 0-0: Ball
1-0: Ball
2-0: Swinging Strike
2-1: Called Strike
2-2: Foul Ball, location: 2F
2-2: Ball
3-2: Base on Balls
Batting: LHB Joram Nelen 0-0: Ground out 3-1 (Groundball, 34S)
Top of the 2nd over - 0 runs, 0 hits, 0 errors, 1 left on base; Bloomington 0 - Pawnee 0
BOTTOM OF THE 2ND
Pawnee ParksNRec batting - Pitching for Bloomington Longnecks : RHP Nassim El-Badwi
Batting: SHB Dave Gant 0-0: Foul Ball, location: 2F
0-1: Ball
1-1: Called Strike
1-2: Strikes out swinging
Batting: RHB Ken Bone 0-0: Swinging Strike
0-1: Ball
1-1: Foul Ball, location: 2F
1-2: Ball
2-2: Foul Ball, location: 2F
2-2: SINGLE (Line Drive, 5D)
Batting: RHB Mike Lipide 0-0: Ball
1-0: Called Strike
1-1: Foul Ball, location: 2F
1-2: Ball
2-2: Ball
3-2: Base on Balls
Ken Bone to second
Batting: RHB Chad Silander 0-0: Fly out, F7 (Flyball, 7S)
Batting: RHB Roberto Aguirre 0-0: Foul Ball, location: 2F
0-1: Ball
1-1: Ball
2-1: Called Strike
2-2: Ball
3-2: Ground out 6-3 (Groundball, 6)
Bottom of the 2nd over - 0 runs, 1 hit, 0 errors, 2 left on base; Bloomington 0 - Pawnee 0
TOP OF THE 3RD
Bloomington Longnecks batting - Pitching for Pawnee ParksNRec : RHP Aydin Aragvsky
Batting: RHB Silvio Bonauiti 0-0: Called Strike
0-1: Ball
1-1: Ball
2-1: Ball
3-1: Base on Balls
Batting: RHB Frank Crocker 0-0: Called Strike
0-1: Ball
1-1: Ball
2-1: SINGLE (Line Drive, 4M)
Silvio Bonauiti to second
Batting: LHB John Schaefer 0-0: Foul Ball, location: 2F
0-1: Fly out, F9 (Flyball, 9D)
Runner from 2nd tags up, SAFE at 3rd, no throw
Batting: LHB César Gómes 0-0: Ball
Frank Crocker steals 2nd base
1-0: Ball
2-0: Ball
3-0: Base on Balls
Batting: RHB Masafumi Ito 0-0: Called Strike
0-1: Foul Ball, location: 2F
0-2: Ball
1-2: Ball
2-2: Foul Ball, location: 2F
2-2: Foul Ball, location: 2F
2-2: Ball
3-2: Strikes out swinging
Batting: RHB Chet Hollis 0-0: Ball
1-0: Ball
2-0: DOUBLE (Flyball, 8RXD)
Silvio Bonauiti scores
Frank Crocker scores
César Gómes to third
Runner from 3rd tries for Home, SAFE, throw made at trailing runner, OUT at third!
Top of the 3rd over - 3 runs, 2 hits, 0 errors, 0 left on base; Bloomington 3 - Pawnee 0
BOTTOM OF THE 3RD
Pawnee ParksNRec batting - Pitching for Bloomington Longnecks : RHP Nassim El-Badwi
Batting: LHB Ryan Marken 0-0: Called Strike
0-1: Ball
1-1: Swinging Strike
1-2: Ground out 4-3 (Groundball, 4)
Batting: RHB Rubén Alvarado 0-0: Foul Ball, location: 2F
0-1: Ball
1-1: Foul Ball, location: 2F
1-2: Ball
2-2: Fly out, F8 (Flyball, 8RS)
Batting: LHB Yao-pang Chiang 0-0: Swinging Strike
0-1: Called Strike
0-2: Ball
1-2: SINGLE (Groundball, 4MD)
Batting: RHB Gustavo González 0-0: Ball
1-0: Ball
2-0: Called Strike
2-1: Ball
3-1: Fly out, F9 (Flyball, 89S)
Bottom of the 3rd over - 0 runs, 1 hit, 0 errors, 1 left on base; Bloomington 3 - Pawnee 0
TOP OF THE 4TH
Bloomington Longnecks batting - Pitching for Pawnee ParksNRec : RHP Aydin Aragvsky
Batting: RHB Carlos Cardona 0-0: Swinging Strike
0-1: Called Strike
0-2: Ball
1-2: Foul Ball, location: 2F
1-2: Ground out 5-3 (Groundball, 5S)
Batting: RHB Ty Struck 0-0: Called Strike
0-1: Ball
1-1: Ground out 5-3 (Groundball, 5S)
Batting: LHB Joram Nelen 0-0: SINGLE (Groundball, 4MD)
Batting: RHB Silvio Bonauiti 0-0: Single, Error in OF, E7, batter to second base
Joram Nelen to third
Batting: RHB Frank Crocker 0-0: Ball
1-0: Fly out, F9 (Flyball, 9)
Top of the 4th over - 0 runs, 2 hits, 1 error, 2 left on base; Bloomington 3 - Pawnee 0
BOTTOM OF THE 4TH
Pawnee ParksNRec batting - Pitching for Bloomington Longnecks : RHP Nassim El-Badwi
Batting: SHB Dave Gant 0-0: Foul Ball, location: 2F
0-1: Ball
1-1: Fly out, F8 (Flyball, 8RD)
Batting: RHB Ken Bone 0-0: Called Strike
0-1: Ball
1-1: Fly out, F7 (Line Drive, 7)
Batting: RHB Mike Lipide 0-0: Called Strike
0-1: Called Strike
0-2: Ball
1-2: Foul Ball, location: 2F
1-2: Ball
2-2: Foul Ball, location: 2F
2-2: Ground out 6-3 (Groundball, 6)
Bottom of the 4th over - 0 runs, 0 hits, 0 errors, 0 left on base; Bloomington 3 - Pawnee 0
TOP OF THE 5TH
Bloomington Longnecks batting - Pitching for Pawnee ParksNRec : RHP Aydin Aragvsky
Batting: LHB John Schaefer 0-0: Ball
1-0: Foul Ball, location: 2F
1-1: Ground out 4-3 (Groundball, 4)
Batting: LHB César Gómes 0-0: Called Strike
0-1: Ground out 4-3 (Groundball, 4)
Batting: RHB Masafumi Ito 0-0: Called Strike
0-1: Ball
1-1: Ground out 6-3 (Groundball, 56)
Top of the 5th over - 0 runs, 0 hits, 0 errors, 0 left on base; Bloomington 3 - Pawnee 0
BOTTOM OF THE 5TH
Pawnee ParksNRec batting - Pitching for Bloomington Longnecks : RHP Nassim El-Badwi
Batting: RHB Chad Silander 0-0: Ball
1-0: Ground out 6-3 (Groundball, 56)
Batting: RHB Roberto Aguirre 0-0: Ground out 5-3 (Groundball, 56)
Batting: LHB Ryan Marken 0-0: Called Strike
0-1: SINGLE (Groundball, 6D)
Batting: RHB Rubén Alvarado 0-0: Swinging Strike
0-1: Called Strike
0-2: Strikes out swinging
Bottom of the 5th over - 0 runs, 1 hit, 0 errors, 1 left on base; Bloomington 3 - Pawnee 0
TOP OF THE 6TH
Bloomington Longnecks batting - Pitching for Pawnee ParksNRec : RHP Aydin Aragvsky
Batting: RHB Chet Hollis 0-0: Called Strike
0-1: Ball
1-1: Ball
2-1: Ball
3-1: Base on Balls
Batting: RHB Carlos Cardona 0-0: Foul Ball, location: 2F
0-1: Ball
1-1: Ball
2-1: Grounds into double play, 4-6-3 (Groundball, 4)
Batting: RHB Ty Struck 0-0: Ball
1-0: Foul Ball, location: 2F
1-1: Ball
2-1: Ball
3-1: Base on Balls
Batting: LHB Joram Nelen 0-0: Fly out, F9 (Flyball, 9LMF)
Top of the 6th over - 0 runs, 0 hits, 0 errors, 1 left on base; Bloomington 3 - Pawnee 0
BOTTOM OF THE 6TH
Pawnee ParksNRec batting - Pitching for Bloomington Longnecks : RHP Nassim El-Badwi
Batting: LHB Yao-pang Chiang 0-0: Ball
1-0: Called Strike
1-1: Called Strike
1-2: Ball
2-2: Ground out 1-3 (Groundball, P)
Batting: RHB Gustavo González 0-0: Ball
1-0: Called Strike
1-1: Fly out, F7 (Flyball, 78D)
Batting: SHB Dave Gant 0-0: Ball
1-0: Foul Ball, location: 2F
1-1: Foul Ball, location: 2F
1-2: Ground out 4-3 (Groundball, 4)
Bottom of the 6th over - 0 runs, 0 hits, 0 errors, 0 left on base; Bloomington 3 - Pawnee 0
TOP OF THE 7TH
Bloomington Longnecks batting - Pitching for Pawnee ParksNRec : RHP Aydin Aragvsky
Batting: RHB Silvio Bonauiti 0-0: Called Strike
0-1: Foul Ball, location: 2F
0-2: Fly out, F9 (Flyball, 9)
Batting: RHB Frank Crocker 0-0: Foul Ball, location: 2F
0-1: Bunted foul
0-2: Ball
1-2: TRIPLE (Flyball, 7D)
Batting: LHB John Schaefer 0-0: Intentional Walk
Pitching: LHP Domingo Posadas
Batting: LHB César Gómes 0-0: Swinging Strike
0-1: Ball
1-1: Swinging Strike
1-2: Ball
2-2: Foul Ball, location: 2F
2-2: Strikes out swinging
Batting: RHB Masafumi Ito 0-0: Called Strike
0-1: Ball
1-1: Foul Ball, location: 2F
1-2: Ball
2-2: Foul Ball, location: 2F
2-2: Ground out 6-3 (Groundball, 6M)
Top of the 7th over - 0 runs, 1 hit, 0 errors, 2 left on base; Bloomington 3 - Pawnee 0
BOTTOM OF THE 7TH
Pawnee ParksNRec batting - Pitching for Bloomington Longnecks : RHP Nassim El-Badwi
Pitching: LHP Anaías Pedroza
Batting: RHB Ken Bone 0-0: Swinging Strike
0-1: Called Strike
0-2: DOUBLE (Flyball, 89D)
Batting: RHB Mike Lipide 0-0: Reached on error, E6 (Groundball, 6M)
Ken Bone to third
Batting: RHB Chad Silander 0-0: Swinging Strike
0-1: Ball
1-1: Ball
2-1: Fly out, F7 (Line Drive, 7S)
Runner from 3rd tags up, SCORES, no throw
Batting: RHB Roberto Aguirre 0-0: Called Strike
0-1: Ball
1-1: Foul Ball, location: 2F
1-2: Foul Ball, location: 2F
1-2: Ball
2-2: Ground out 4-3 (Groundball, 34)
Mike Lipide to second
Batting: LHB Ryan Marken 0-0: Ground out U3 (Groundball, 3S)
Bottom of the 7th over - 1 run, 1 hit, 1 error, 1 left on base; Bloomington 3 - Pawnee 1
TOP OF THE 8TH
Bloomington Longnecks batting - Pitching for Pawnee ParksNRec : LHP Domingo Posadas
Batting: RHB Chet Hollis 0-0: Ball
1-0: Called Strike
1-1: SINGLE (Line Drive, 6D)
Batting: RHB Carlos Cardona 0-0: Ball
Chet Hollis steals 2nd base
1-0: Swinging Strike
1-1: Ground out 6-3 (Groundball, 6)
Chet Hollis to third
Batting: RHB Ty Struck 0-0: Intentional Walk
Batting: LHB Joram Nelen 0-0: Swinging Strike
0-1: Swinging Strike
0-2: Strikes out swinging
Batting: RHB Silvio Bonauiti 0-0: Ball
1-0: Ball
2-0: Ball
3-0: Called Strike
3-1: Base on Balls
Ty Struck to second
Pinch Hitting: RHB Rob Gray 0-0: Ball
1-0: DOUBLE (Flyball, 78XD)
Chet Hollis scores
Ty Struck scores
Silvio Bonauiti to third
Pitching: LHP Arnold Safi
Batting: LHB John Schaefer 0-0: Called Strike
0-1: Ball
1-1: Swinging Strike
1-2: Strikes out swinging
Top of the 8th over - 2 runs, 2 hits, 0 errors, 2 left on base; Bloomington 5 - Pawnee 1
BOTTOM OF THE 8TH
Pawnee ParksNRec batting - Pitching for Bloomington Longnecks : LHP Anaías Pedroza
Now at 2B: Keith Alexander
Batting: RHB Rubén Alvarado 0-0: Ball
1-0: Ball
2-0: Foul Ball, location: 2F
2-1: DOUBLE (Line Drive, 78XD)
Batting: LHB Yao-pang Chiang 0-0: Ball
1-0: Swinging Strike
1-1: Foul Ball, location: 2F
1-2: Ball
2-2: Strikes out swinging
Batting: RHB Gustavo González 0-0: Ground out 5-3 (Groundball, 56S)
Rubén Alvarado to third
Batting: SHB Dave Gant 0-0: Ball
Passed Ball!
Rubén Alvarado scores
1-0: Foul Ball, location: 2F
1-1: Ball
2-1: Called Strike
2-2: Fly out, F3 (Popup, 34S)
Bottom of the 8th over - 1 run, 1 hit, 0 errors, 0 left on base; Bloomington 5 - Pawnee 2
TOP OF THE 9TH
Bloomington Longnecks batting - Pitching for Pawnee ParksNRec : LHP Arnold Safi
Batting: LHB César Gómes 0-0: Ball
1-0: Fly out, F7 (Flyball, 78M)
Batting: RHB Masafumi Ito 0-0: Ball
1-0: Called Strike
1-1: Foul Ball, location: 2F
1-2: Ball
2-2: Strikes out looking
Batting: RHB Chet Hollis 0-0: Ball
1-0: Called Strike
1-1: Ground out 6-3 (Groundball, 6S)
Top of the 9th over - 0 runs, 0 hits, 0 errors, 0 left on base; Bloomington 5 - Pawnee 2
BOTTOM OF THE 9TH
Pawnee ParksNRec batting - Pitching for Bloomington Longnecks : LHP Anaías Pedroza
Pitching: RHP Ieyoshi Asai
Batting: RHB Ken Bone 0-0: Ball
1-0: Called Strike
1-1: Foul Ball, location: 2F
1-2: Fly out, F8 (Line Drive, 8RD)
Batting: RHB Mike Lipide 0-0: Ball
1-0: Ground out 6-3 (Groundball, 6M)
Batting: RHB Chad Silander 0-0: DOUBLE (Groundball, 3L)
Batting: RHB Roberto Aguirre 0-0: SINGLE (Groundball, 4M) (infield hit)
Chad Silander to third
Batting: LHB Ryan Marken 0-0: Called Strike
0-1: Called Strike
0-2: Strikes out looking
Bottom of the 9th over - 0 runs, 2 hits, 0 errors, 2 left on base; Bloomington 5 - Pawnee 2
Tuesday, June 12th, 2018 - OOTP Baseball 18.8 Build 76